 Dungeon Sprint DCSS version 0.24-a0-525-g9231cdcba1 (webtiles) character file.

Game seed: 4990771754210889453

48980 Atelerd the Gargoyle Blade (level 17, -2/126 HPs)
             Began as a Gargoyle Fighter on Aug 2, 2019.
             Was the Champion of Makhleb.
             Engulfed by an ophan's blessed fire (13 damage)
             ... in the Dungeon (Sprint VI: "Thunderdome").
             The game lasted 00:36:57 (3781 turns).

Atelerd the Gargoyle Blade (Gargoyle Fighter)       Turns: 3781, Time: 00:36:58

Health: -2/126     AC: 39    Str: 39    XL:     17   Next: 99%
Magic:  27/27      EV: 10    Int:  9    God:    Makhleb [******]
Gold:   970        SH: 32    Dex: 11    Spells: 16/16 levels left

rFire    + + +     SeeInvis +   z - +8 demon blade (protect)
rCold    + + +     Gourm    .   b - +2 large shield of Defence {rPois}
rNeg     + + .     Faith    .   c - +7 leather armour of Grace {rPois Str+2}
rPois    ∞         Spirit   .   C - +0 helmet of Grot {rF+ rC+ Str+3}
rElec    +         Reflect  .   y - +3 cloak of Mucih {rF+ rC++ Int-5}
rCorr    .         Harm     .   A - +0 pair of gloves of Indomitability {rF+++ MR- Regen+ Stlth-}
MR       +++..     NoTele   +   a - +3 pair of boots "Plog" {rN+ Str-3 Int+2 SInv}
Stlth    ..........             t - amulet "Pethreh" {RegenMP Str+5 Int+2 Slay+4}
HPRegen  0.71/turn              p - ring "Fuexaf" {Ice rElec MR+++ Int-4 Slay+5}
MPRegen  0.45/turn              v - ring "Lantavuf" {*Drain Str+3 Int+2 Slay+5 SInv}

@: mighty, berserk cooldown, flying, slightly contaminated, hasted and slowed,
glowing
A: big wings, large bone plates 1, agile 1, negative energy resistance 1,
electricity resistance, unbreathing, petrification resistance, rot immunity, AC
+12
}: 4/15 runes: serpentine, barnacled, silver, mossy
a: Stop Flying, Minor Destruction, Lesser Servant of Makhleb, Major Destruction,
Greater Servant of Makhleb, Renounce Religion


You were in the Dungeon.
You worshipped Makhleb.
Makhleb was exalted by your worship.
You were very hungry.

You visited 1 branch You collected 11650 gold pieces.
You spent 10680 gold pieces at shops.

Inventory:

Hand Weapons
 r - a +0 double sword of electrocution
 z - a +8 demon blade of protection (weapon)
Armour
 a - the +3 pair of boots "Plog" (worn) {rN+ Str-3 Int+2 SInv}
   (You bought it in a shop in the Dungeon)

   It affects your strength (-3).
   It affects your intelligence (+2).
   It protects you from negative energy.
   It lets you see invisible.
 b - the +2 large shield of Defence (worn) {rPois}
   (You bought it in a shop in the Dungeon)

   It protects you from poison.
 c - the +7 leather armour of Grace (worn) {rPois Str+2}
   (You bought it in a shop in the Dungeon)

   It affects your strength (+2).
   It protects you from poison.
 f - the +0 robe "Ori Kori" {-Tele rElec Int-2 Dex+9}
   (You bought it in a shop in the Dungeon)

   It affects your intelligence (-2).
   It affects your dexterity (+9).
   It insulates you from electricity.
   It prevents most forms of teleportation.
 y - the +3 cloak of Mucih (worn) {rF+ rC++ Int-5}
   (You bought it in a shop in the Dungeon)

   It affects your intelligence (-5).
   It protects you from fire.
   It greatly protects you from cold.
 A - the +0 pair of gloves of Indomitability (worn) {rF+++ MR- Regen+ Stlth-}
   (You bought it in a shop in the Dungeon)

   It renders you almost immune to fire.
   It affects your resistance to hostile enchantments.
   It increases your rate of regeneration.
   It makes you less stealthy.
 C - the +0 helmet of Grot (worn) {rF+ rC+ Str+3}
   (You bought it in a shop in the Dungeon)

   It affects your strength (+3).
   It protects you from fire.
   It protects you from cold.
Jewellery
 p - the ring "Fuexaf" (left hand) {Ice rElec MR+++ Int-4 Slay+5}
   (You bought it in a shop in the Dungeon)

   [ring of ice]

   It enhances your ice magic.
   It affects your intelligence (-4).
   It affects your accuracy and damage with ranged weapons and melee attacks
   (+5).
   It makes you vulnerable to fire.
   It protects you from cold.
   It insulates you from electricity.
   It affects your resistance to hostile enchantments.
 t - the amulet "Pethreh" (around neck) {RegenMP Str+5 Int+2 Slay+4}
   (You bought it in a shop in the Dungeon)

   [amulet of magic regeneration]

   It increases your magic regeneration.
   It affects your strength (+5).
   It affects your intelligence (+2).
   It affects your accuracy and damage with ranged weapons and melee attacks
   (+4).
 v - the ring "Lantavuf" (right hand) {*Drain Str+3 Int+2 Slay+5 SInv}
   (You bought it in a shop in the Dungeon)

   [ring of intelligence]

   It affects your strength (+3).
   It affects your intelligence (+2).
   It affects your accuracy and damage with ranged weapons and melee attacks
   (+5).
   It lets you see invisible.
   It causes draining when unequipped.
Scrolls
 n - 3 scrolls of fog
 o - 4 scrolls of enchant armour
 q - 2 scrolls of silence
 x - 13 scrolls of remove curse
Potions
 d - 6 potions of berserk rage
 e - 2 potions of curing
 h - 6 potions of haste
 i - 2 potions of magic
 s - 5 potions of might
 w - 3 potions of mutation
Miscellaneous
 j - a lamp of fire
 l - a quad damage


   Skills:
 + Level 21.2 Fighting
 * Level 24.1 Long Blades
 + Level 21.2 Armour
 + Level 21.2 Shields
 * Level 14.5 Invocations


You had 16 spell levels left.
You didn't know any spells.
Your spell library was empty.

Dungeon Overview and Level Annotations

Branches:
Dungeon (1/1)

Altars:
Cheibriados
Dithmenos
Fedhas
Gozag
Kikubaaqudgha
Makhleb
Okawaru
Qazlal
Ru
Sif Muna
Trog
Uskayaw
Vehumet
Wu Jian
Xom
Yredelemnul
Zin
The Shining One
Beogh
Jiyva
Lugonu

Shops:
D [%??*?*:[((!!!!


Innate Abilities, Weirdness & Mutations

You are resistant to torment.
Your stone body is resilient. (AC +12)
You are immune to poison.
Your large and strong wings let you fly indefinitely.
You resist negative energy. (rN+)
You are resistant to electric shocks. (rElec)
You can survive without breathing.
You are immune to petrification.
You are immune to rotting.
You are partially covered in large bone plates. (SH +4)
You are agile. (Dex +2)


Message History

The orb of electricity engulfs the cherub!
The cherub resists.
The cherub is lightly wounded.
The orb of electricity engulfs the daeva!
The daeva is lightly wounded.
The orb of electricity engulfs the apis!!
The apis is lightly wounded.
The pearl dragon breathes cleansing flame at you.
The blast of cleansing flame engulfs you!!
* * * LOW HITPOINT WARNING * * *
The ophan calls forth blessed flames!
Blessed fire suddenly surrounds you!
Unknown command.
Okay, then.
Blink to where?
Press: ? - help, Dir - move target cursor, p - pearl dragon You are lightly contaminated with residual magic.
As you read the scroll of blinking, it crumbles to dust.
You are engulfed in blessed fire.
You die...

[..(###)((()._..∩##
((8.# #.8)..)....∩###
(.((###.)......[..§§##
(###)..###....)D§§§§§#
.# #.<.# #....)§....⌠#
(###A.§###...A..Y..(⌠#
A(YA###......AA§§...##
AD8§# #.8..A..G.§∩###
AD§§###...[..AA§@##
8G§§[.....8.######
A...[......⌠#
#.((......###
#_...)..)_#
#_......._#
#_.[....._#
#∩.......∩#
##∩.....∩##


You could see 4 daevas, an ophan and a cherub.

Vanquished Creatures
  Mennas (D)
  2 ancient liches (D)
  Agnes (D)
  A Killer Klown (D)
  Polyphemus (D)
  A pearl dragon (D)
  6 liches (D)
  2 sphinxes (D)
  An angel (D)
  2 very ugly things (D)
  An apis (D)
  2 dire elephants (D)
  A naga warrior (D)
  4 yaktaur captains (D)
  2 vault guards (D)
  3 catoblepae (D)
  A hydra (D)
  A death yak (D)
  12 dancing weapons (D)
  2 hell hogs (D)
  2 hell knights (D)
  A fire crab (D)
  2 sea snakes (D)
  3 wizards (D)
  4 necromancers (D)
  10 ugly things (D)
  2 black mambas (D)
  A naga mage (D)
  A silent spectre (D)
  13 yaktaurs (D)
  4 efreet (D)
  A komodo dragon (D)
  2 guardian mummies (D)
  A blink frog (D)
  A dream sheep (D)
  8 redbacks (D)
  A shadow (D)
  3 wraiths (D)
  Sigmund (D)
  A fire bat (D)
  2 yaks (D)
  8 neqoxecs (D)
  2 fire elementals (D)
  9 hungry ghosts (D)
  A naga (D)
  A water moccasin (D)
  A black bear (D)
  A hell hound (D)
  Purgy (D)
  3 necrophages (D)
  A wolf (D)
  A crocodile (D)
  2 wights (D)
  6 mummies (D)
  A gnoll (D)
  An adder (D)
  An ooze (D)
  3 spectral bats (D)
  A bat skeleton (D)
  5 kobolds (D)
  4 quokkas (D)
  A rat (D)
  A spectral jackal (D)
166 creatures vanquished.

Vanquished Creatures (collateral kills)
  A pearl dragon (D)
1 creature vanquished.

Vanquished Creatures (others)
  2 kobolds (D)
2 creatures vanquished.

Grand Total: 169 creatures vanquished

Notes
Turn   | Place    | Note
-------+----------+-------------------------------------------
     0 | D        | Atelerd the Gargoyle Fighter began the quest for the Orb.
     0 | D        | Reached XP level 1. HP: 14/14 MP: 1/1
     1 | D        | Found a viscous altar of Jiyva.
     1 | D        | Found a glowing silver altar of Zin.
     2 | D        | Found a bloodstained altar of Trog.
     2 | D        | Found a sacrificial altar of Ru.
     3 | D        | Found an ancient bone altar of Kikubaaqudgha.
     3 | D        | Found a glowing golden altar of the Shining One.
     4 | D        | Found Idomaejy's Delicious Food.
     4 | D        | Found a hide-covered altar of Uskayaw.
     4 | D        | Found a shimmering altar of Xom.
     4 | D        | Found Etieros's Identification Station.
     5 | D        | Found Taexuuj's Jewellery.
     5 | D        | Found Biomithri's Advanced Armour.
     5 | D        | Round 1.
    13 | D        | Bought a vibrating golden ring for 45 gold pieces
    13 | D        | Bought a smoking diamond amulet for 45 gold pieces
    13 | D        | Bought a glittering ivory ring for 45 gold pieces
    13 | D        | Bought a serpentine brass ring for 45 gold pieces
    13 | D        | Identified the ring "Gaost" {+Fly rC+ Stlth-} (You bought
                  | it in a shop in the Dungeon)
    14 | D        | Identified the ring of Ocuaseh {rC++ MP+9} (You bought it
                  | in a shop in the Dungeon)
    16 | D        | Identified the ring "Fuexaf" {Ice rElec MR+++ Int-4 Slay+5}
                  | (You bought it in a shop in the Dungeon)
    17 | D        | Identified the amulet of Tygol {RegenMP *Contam rC+ rN+}
                  | (You bought it in a shop in the Dungeon)
    21 | D        | Found a radiant altar of Vehumet.
    28 | D        | Found Iciarocw's Magic Scroll Shop.
    29 | D        | Found a corrupted altar of Lugonu.
    29 | D        | Found a burning altar of Makhleb.
    29 | D        | Found a deep blue altar of Sif Muna.
    29 | D        | Found Qyekk's Staff Store.
    29 | D        | Found Gynuc's Magic Scroll Shop.
    29 | D        | Found Kaiph's Must-Have Magic.
    33 | D        | Found a roughly hewn altar of Beogh.
    37 | D        | Became a worshipper of Makhleb the Destroyer
    55 | D        | Found Fiunofod's Distillery.
    55 | D        | Noticed Sigmund
    56 | D        | Found Waptesul's Distillery.
    56 | D        | Found Uckuwaic's Bottled Wisdom.
    56 | D        | Found a basalt altar of Yredelemnul.
    56 | D        | Found an ornate altar of the Wu Jian Council.
    56 | D        | Found a blossoming altar of Fedhas.
    56 | D        | Found Ebeffiup's Do-It-Yourself Clinic.
    65 | D        | Killed Sigmund
    65 | D        | Reached skill level 5 in Fighting
    65 | D        | Reached skill level 6 in Long Blades
    65 | D        | Reached skill level 5 in Armour
    65 | D        | Reached skill level 5 in Shields
    65 | D        | Reached XP level 2. HP: 19/22 MP: 2/2
    65 | D        | Reached XP level 3. HP: 24/27 MP: 3/3
    65 | D        | Reached XP level 4. HP: 28/32 MP: 4/4
    65 | D        | Reached XP level 5. HP: 32/36 MP: 5/5
    74 | D        | Found a snail-covered altar of Cheibriados.
    75 | D        | Found an opulent altar of Gozag.
    76 | D        | Found an iron altar of Okawaru.
    77 | D        | Found a shadowy altar of Dithmenos.
    77 | D        | Found a stormy altar of Qazlal.
    77 | D        | Found Ysuruti's Weapon Rack.
    77 | D        | Found Zodiskec's Premium Goods.
    78 | D        | Found Baodesej's Basic Armour.
    78 | D        | Found Qiffogimug's Miscellaneous Merchandise.
    89 | D        | Reached * piety under Makhleb
   160 | D        | Reached ** piety under Makhleb
   160 | D        | Arena points: 14 (+14) [x2]
   194 | D        | Round 2.
   219 | D        | Noticed Purgy
   240 | D        | Killed Purgy
   240 | D        | Reached *** piety under Makhleb
   240 | D        | Arena points: 50 (+36) [x3]
   240 | D        | Reached skill level 7 in Long Blades
   240 | D        | Reached XP level 6. HP: 42/42 MP: 6/6
   248 | D        | Bought a slimy ivory ring for 45 gold pieces
   249 | D        | Identified the ring "Unookoest" {MR+ EV+3} (You bought it
                  | in a shop in the Dungeon)
   274 | D        | Round 3.
   288 | D        | HP: 2/44 [kamikaze kobold/exploding inner flame (42)]
   292 | D        | Reached **** piety under Makhleb
   292 | D        | Arena points: 134 (+84) [x4]
   359 | D        | Round 4.
   360 | D        | Noticed a wraith
   361 | D        | Bought 3 potions of heal wounds for 105 gold pieces
   370 | D        | Killed a wraith
   370 | D        | Reached skill level 8 in Long Blades
   400 | D        | Bought a warped bronze amulet for 45 gold pieces
   401 | D        | Identified the amulet "Pethreh" {RegenMP Str+5 Int+2
                  | Slay+4} (You bought it in a shop in the Dungeon)
   412 | D        | Noticed a wraith
   421 | D        | Killed a wraith
   421 | D        | Reached skill level 9 in Long Blades
   421 | D        | Reached XP level 7. HP: 49/49 MP: 7/7
   450 | D        | Reached ***** piety under Makhleb
   450 | D        | Noticed a wraith
   463 | D        | Killed a wraith
   463 | D        | Arena points: 294 (+160) [x5]
   471 | D        | Bought a twitching glass ring for 45 gold pieces
   472 | D        | Identified the ring "Lantavuf" {*Drain Str+3 Int+2 Slay+5
                  | SInv} (You bought it in a shop in the Dungeon)
   523 | D        | Bought a potion of mutation for 56 gold pieces
   523 | D        | Gained mutation: You expend magic power (3 MP) to
                  | strengthen your wands. [potion of mutation]
   523 | D        | Gained mutation: You passively map a small area around you.
                  | [potion of mutation]
   524 | D        | Bought 2 potions of mutation for 112 gold pieces
   524 | D        | Lost mutation: You passively map a small area around you.
                  | [potion of mutation]
   524 | D        | Lost mutation: You expend magic power (3 MP) to strengthen
                  | your wands. [potion of mutation]
   524 | D        | Gained mutation: You expend magic power (3 MP) to
                  | strengthen your wands. [potion of mutation]
   524 | D        | Gained mutation: Your spells are a little harder to cast,
                  | but a little more powerful. [potion of mutation]
   524 | D        | Gained mutation: Your muscles are strong. (Str +2) [potion
                  | of mutation]
   526 | D        | Round 5.
   554 | D        | Noticed a naga
   559 | D        | Noticed a naga mage
   560 | D        | Killed a naga
   560 | D        | Reached skill level 10 in Long Blades
   562 | D        | Noticed a naga warlord
   567 | D        | Killed a naga mage
   567 | D        | Reached XP level 8. HP: 56/56 MP: 8/8
   590 | D        | Killed a naga warlord
   590 | D        | Arena points: 539 (+245) [x7]
   590 | D        | Reached skill level 10 in Fighting
   590 | D        | Reached skill level 11 in Long Blades
   590 | D        | Reached skill level 10 in Armour
   590 | D        | Reached skill level 10 in Shields
   590 | D        | Reached XP level 9. HP: 36/63 MP: 9/9
   591 | D        | Got a serpentine rune of Zot
   592 | D        | Reached skill level 12 in Long Blades
   592 | D        | Reached XP level 10. HP: 39/68 MP: 10/10
   767 | D        | Round 6.
   905 | D        | Reached ****** piety under Makhleb
   920 | D        | Arena points: 971 (+432) [x8]
   935 | D        | Bought a distressingly furry cloak for 332 gold pieces
   940 | D        | Identified the +3 cloak of Mucih {rF+ rC++ Int-5} (You
                  | bought it in a shop in the Dungeon)
   977 | D        | Round 7.
   982 | D        | Gained mutation: Your magical capacity is low. (-10% MP) [a
                  | neqoxec]
   987 | D        | Reached skill level 13 in Long Blades
  1018 | D        | Lost mutation: Your muscles are strong. (Str +2) [a
                  | neqoxec]
  1035 | D        | Gained mutation: Scrolls take you a little longer to read.
                  | [a neqoxec]
  1081 | D        | Lost intelligence.
  1085 | D        | Gained mutation: Your magical capacity is very low. (-20%
                  | MP) [a neqoxec]
  1115 | D        | Gained mutation: You are dopey. (Int -2) [a neqoxec]
  1119 | D        | Arena points: 1538 (+567) [x9]
  1134 | D        | Bought a +0 demon blade for 450 gold pieces
  1137 | D        | Round 8.
  1137 | D        | Noticed a death yak
  1157 | D        | Killed a death yak
  1169 | D        | Reached skill level 14 in Long Blades
  1175 | D        | Noticed a black mamba
  1180 | D        | Reached XP level 11. HP: 76/76 MP: 8/8
  1229 | D        | Arena points: 2178 (+640) [x10]
  1250 | D        | Bought a scroll of brand weapon for 200 gold pieces
  1266 | D        | Round 9.
  1415 | D        | Arena points: 3168 (+990) [x11]
  1426 | D        | Bought a steaming shield for 332 gold pieces
  1436 | D        | Identified the +1 shield of a wizard's laboratory {Int+4
                  | Dex-2} (You bought it in a shop in the Dungeon)
  1439 | D        | Bought a jewelled helmet for 332 gold pieces
  1444 | D        | Identified the +0 helmet of Grot {rF+ rC+ Str+3} (You
                  | bought it in a shop in the Dungeon)
  1470 | D        | Round 10.
  1470 | D        | Noticed Polyphemus
  1489 | D        | Killed Polyphemus
  1489 | D        | Arena points: 4338 (+1170) [x13]
  1489 | D        | Reached skill level 15 in Long Blades
  1490 | D        | Got a barnacled rune of Zot
  1545 | D        | Reached skill level 16 in Long Blades
  1545 | D        | Reached XP level 12. HP: 42/85 MP: 9/9
  1554 | D        | Bought 5 potions of berserk rage for 175 gold pieces
  1554 | D        | Bought 4 potions of haste for 280 gold pieces
  1682 | D        | Round 11.
  1682 | D        | Noticed a dire elephant
  1697 | D        | Killed a dire elephant
  1727 | D        | Noticed a dire elephant
  1735 | D        | Killed a dire elephant
  1735 | D        | Reached XP level 13. HP: 91/91 MP: 10/10
  1830 | D        | Reached skill level 15 in Fighting
  1830 | D        | Reached skill level 17 in Long Blades
  1830 | D        | Reached skill level 15 in Armour
  1832 | D        | Arena points: 6186 (+1848) [x14]
  1832 | D        | Reached skill level 15 in Shields
  1848 | D        | Bought 8 scrolls of enchant weapon for 600 gold pieces
  1897 | D        | Round 12.
  2061 | D        | Arena points: 8166 (+1980) [x15]
  2075 | D        | Bought a pair of heavily runed boots for 332 gold pieces
  2075 | D        | Bought a pair of spiked gloves for 332 gold pieces
  2080 | D        | Identified the cursed +0 pair of gloves of Indomitability
                  | {rF+++ MR- Regen+ Stlth-} (You bought it in a shop in the
                  | Dungeon)
  2085 | D        | Identified the +3 pair of boots "Plog" {rN+ Str-3 Int+2
                  | SInv} (You bought it in a shop in the Dungeon)
  2093 | D        | Round 13.
  2225 | D        | Reached skill level 18 in Long Blades
  2260 | D        | Arena points: 10662 (+2496) [x16]
  2274 | D        | Bought 3 scrolls of identify for 150 gold pieces
  2274 | D        | Bought 3 scrolls of identify for 150 gold pieces
  2283 | D        | Bought a scorched copper ring for 45 gold pieces
  2283 | D        | Bought a steaming platinum amulet for 45 gold pieces
  2283 | D        | Bought a translucent iron amulet for 45 gold pieces
  2283 | D        | Bought a scorched golden ring for 45 gold pieces
  2283 | D        | Bought a fine steel ring for 45 gold pieces
  2283 | D        | Bought a glittering graven amulet for 45 gold pieces
  2283 | D        | Bought a scorched bone amulet for 45 gold pieces
  2283 | D        | Bought a vibrating pewter amulet for 45 gold pieces
  2285 | D        | Identified the ring of Xulif {*Slow rElec rPois rF+ SInv}
                  | (You bought it in a shop in the Dungeon)
  2287 | D        | Identified the amulet of Fatigue {Gourm *Corrode +Inv rPois
                  | rN+++} (You bought it in a shop in the Dungeon)
  2288 | D        | Round 14.
  2289 | D        | Identified the amulet "Geotwiva" {RegenMP *Drain rF+ MR+++
                  | Slay+2} (You bought it in a shop in the Dungeon)
  2291 | D        | Identified the ring "Ofegez" {EV+4 Str+3 SInv} (You bought
                  | it in a shop in the Dungeon)
  2291 | D        | Noticed a green very ugly thing
  2293 | D        | Identified the amulet "Wamawn" {Acrobat +Blink Int+3} (You
                  | bought it in a shop in the Dungeon)
  2304 | D        | Killed a green very ugly thing
  2333 | D        | Identified the amulet of Lenoyt {Gourm rElec} (You bought
                  | it in a shop in the Dungeon)
  2378 | D        | Noticed a purple very ugly thing
  2384 | D        | Killed a purple very ugly thing
  2384 | D        | Arena points: 13756 (+3094) [x17]
  2384 | D        | Reached skill level 19 in Long Blades
  2389 | D        | Bought 3 scrolls of identify for 150 gold pieces
  2391 | D        | Identified the ring of Amimill {rC+ Str+2} (You bought it
                  | in a shop in the Dungeon)
  2393 | D        | Identified the amulet "Hamaliyk" {Acrobat SInv} (You bought
                  | it in a shop in the Dungeon)
  2402 | D        | Bought a heavily runed diamond amulet for 45 gold pieces
  2402 | D        | Bought a scintillating steel ring for 45 gold pieces
  2404 | D        | Identified the amulet of Ciarhe Jebe {Harm *Drain +Blink
                  | Dex+5} (You bought it in a shop in the Dungeon)
  2425 | D        | Bought a pair of warped boots for 332 gold pieces
  2435 | D        | Identified the +1 pair of boots "Vefesypt" {rN+ rCorr
                  | Int+4} (You bought it in a shop in the Dungeon)
  2448 | D        | Bought 3 scrolls of identify for 150 gold pieces
  2466 | D        | Round 15.
  2467 | D        | Noticed Agnes
  2486 | D        | Killed Agnes
  2486 | D        | Arena points: 16891 (+3135) [x19]
  2486 | D        | Gained mutation: Your large and strong wings let you fly
                  | indefinitely. [Gargoyle growth]
  2486 | D        | Reached XP level 14. HP: 102/102 MP: 11/11
  2487 | D        | Got a mossy rune of Zot
  2503 | D        | Bought 3 potions of mutation for 168 gold pieces
  2503 | D        | Lost mutation: Your magical capacity is very low. (-20% MP)
                  | [potion of mutation]
  2503 | D        | Lost mutation: You expend magic power (3 MP) to strengthen
                  | your wands. [potion of mutation]
  2503 | D        | Lost mutation: Your magical capacity is low. (-10% MP)
                  | [potion of mutation]
  2503 | D        | Lost mutation: You are dopey. (Int -2) [potion of mutation]
  2503 | D        | Gained mutation: You are somewhat resistant to further
                  | mutation. [potion of mutation]
  2504 | D        | Lost mutation: You are somewhat resistant to further
                  | mutation. [potion of mutation]
  2504 | D        | Lost mutation: Scrolls take you a little longer to read.
                  | [potion of mutation]
  2504 | D        | Lost mutation: Your spells are a little harder to cast, but
                  | a little more powerful. [potion of mutation]
  2504 | D        | Gained mutation: You have a pair of small horns on your
                  | head. [potion of mutation]
  2504 | D        | Gained mutation: You are frail. (-10% HP) [potion of
                  | mutation]
  2504 | D        | Gained mutation: You are partially covered in thin metallic
                  | scales. (AC +2) [potion of mutation]
  2505 | D        | Lost mutation: You are frail. (-10% HP) [potion of
                  | mutation]
  2505 | D        | Lost mutation: You have a pair of small horns on your head.
                  | [potion of mutation]
  2505 | D        | Gained mutation: You occasionally shout uncontrollably at
                  | your foes. [potion of mutation]
  2505 | D        | Gained mutation: You have sharp toenails. [potion of
                  | mutation]
  2506 | D        | Identified the ring "Lerom" {Fire Dex+2} (You bought it in
                  | a shop in the Dungeon)
  2535 | D        | Bought a distressingly furry leather armour for 245 gold
                  | pieces
  2535 | D        | Bought a pair of distressingly furry gloves for 332 gold
                  | pieces
  2545 | D        | Identified the +7 leather armour of Grace {rPois Str+2}
                  | (You bought it in a shop in the Dungeon)
  2545 | D        | Identified the +0 pair of gloves "Bosul" {+Blink Regen+}
                  | (You bought it in a shop in the Dungeon)
  2661 | D        | Round 16.
  2675 | D        | Noticed a sphinx
  2679 | D        | Killed a sphinx
  2741 | D        | Noticed a sphinx
  2749 | D        | Killed a sphinx
  2757 | D        | Reached skill level 20 in Long Blades
  2808 | D        | Arena points: 20411 (+3520) [x20]
  2830 | D        | Bought an ichor-stained cloak for 332 gold pieces
  2830 | D        | Bought a crude hat for 315 gold pieces
  2835 | D        | Identified the +0 hat of the Beginning {Str+4} (You bought
                  | it in a shop in the Dungeon)
  2855 | D        | Identified the +2 cloak of Foschemot {Regen+ MP+9} (You
                  | bought it in a shop in the Dungeon)
  2857 | D        | Round 17.
  2961 | D        | Arena points: 25052 (+4641) [x21]
  3004 | D        | Bought an encrusted large shield for 332 gold pieces
  3014 | D        | Identified the +2 large shield of Defence {rPois} (You
                  | bought it in a shop in the Dungeon)
  3014 | D        | Bought a shadowed robe for 199 gold pieces
  3014 | D        | Bought a dazzling animal skin for 185 gold pieces
  3014 | D        | Bought a colourful robe for 199 gold pieces
  3024 | D        | Identified the cursed +0 animal skin of the Bulwark {rPois
                  | Dex+4} (You bought it in a shop in the Dungeon)
  3027 | D        | Round 18.
  3085 | D        | Reached skill level 21 in Long Blades
  3121 | D        | Noticed a Killer Klown
  3171 | D        | Reached XP level 15. HP: 66/109 MP: 15/15
  3246 | D        | Killed a Killer Klown
  3249 | D        | Arena points: 30200 (+5148) [x22]
  3273 | D        | Bought a potion of heal wounds for 35 gold pieces
  3273 | D        | Bought 5 potions of berserk rage for 175 gold pieces
  3273 | D        | Bought 3 potions of mutation for 168 gold pieces
  3273 | D        | Bought 2 potions of mutation for 112 gold pieces
  3276 | D        | Round 19.
  3280 | D        | Lost mutation: You occasionally shout uncontrollably at
                  | your foes. [potion of mutation]
  3280 | D        | Lost mutation: You have sharp toenails. [potion of
                  | mutation]
  3280 | D        | Lost mutation: You are partially covered in thin metallic
                  | scales. (AC +2) [potion of mutation]
  3280 | D        | Gained mutation: Your magical capacity is low. (-10% MP)
                  | [potion of mutation]
  3280 | D        | Gained mutation: You expend magic power (3 MP) to
                  | strengthen your wands. [potion of mutation]
  3281 | D        | Lost mutation: Your magical capacity is low. (-10% MP)
                  | [potion of mutation]
  3281 | D        | Lost mutation: You expend magic power (3 MP) to strengthen
                  | your wands. [potion of mutation]
  3281 | D        | Gained mutation: You are somewhat resistant to further
                  | mutation. [potion of mutation]
  3282 | D        | Lost mutation: You are somewhat resistant to further
                  | mutation. [potion of mutation]
  3282 | D        | Gained mutation: You are agile. (Dex +2) [potion of
                  | mutation]
  3282 | D        | Gained mutation: You are partially covered in large bone
                  | plates. (SH +4) [potion of mutation]
  3305 | D        | Bought a quad damage for 400 gold pieces
  3323 | D        | Reached XP level 16. HP: 116/116 MP: 16/16
  3352 | D        | Reached skill level 22 in Long Blades
  3398 | D        | Arena points: 38066 (+7866) [x23]
  3413 | D        | Bought 3 potions of heal wounds for 105 gold pieces
  3420 | D        | Bought 6 potions of might for 168 gold pieces
  3420 | D        | Bought 4 potions of haste for 280 gold pieces
  3420 | D        | Bought 3 potions of haste for 210 gold pieces
  3442 | D        | Round 20.
  3443 | D        | Noticed Mennas
  3465 | D        | Killed Mennas
  3465 | D        | Arena points: 44066 (+6000) [x25]
  3466 | D        | Got a silver rune of Zot
  3469 | D        | Reached XP level 17. HP: 106/124 MP: 19/22
  3484 | D        | Bought 4 scrolls of enchant armour for 300 gold pieces
  3484 | D        | Bought 15 scrolls of remove curse for 450 gold pieces
  3495 | D        | Identified the cursed +0 robe of Theory {MR+ rCorr Str+3
                  | Slay+2} (You bought it in a shop in the Dungeon)
  3506 | D        | Identified the +0 robe "Ori Kori" {-Tele rElec Int-2 Dex+9}
                  | (You bought it in a shop in the Dungeon)
  3536 | D        | Bought 3 scrolls of silence for 225 gold pieces
  3538 | D        | Bought a scroll of brand weapon for 200 gold pieces
  3642 | D        | Round 21.
  3642 | D        | Noticed a lich
  3642 | D        | Noticed a lich
  3642 | D        | Noticed a lich
  3642 | D        | Noticed a lich
  3644 | D        | Noticed an ancient lich
  3651 | D        | Killed a lich
  3661 | D        | Killed a lich
  3663 | D        | Noticed a lich
  3667 | D        | Noticed an ancient lich
  3669 | D        | Killed an ancient lich
  3669 | D        | Reached skill level 23 in Long Blades
  3669 | D        | Reached skill level 10 in Invocations
  3673 | D        | Killed a lich
  3677 | D        | Killed a lich
  3688 | D        | Killed an ancient lich
  3693 | D        | Killed a lich
  3705 | D        | Noticed a lich
  3712 | D        | Killed a lich
  3713 | D        | Arena points: 48980 (+4914) [x26]
  3728 | D        | Round 22.
  3729 | D        | Noticed a pearl dragon
  3729 | D        | Identified the -3 large shield of Meifuorch {rN+ Slay-5
                  | Stlth+}
  3729 | D        | Noticed a pearl dragon
  3730 | D        | Noticed a pearl dragon
  3737 | D        | Killed a pearl dragon
  3749 | D        | Killed a pearl dragon
  3749 | D        | Reached skill level 24 in Long Blades
  3762 | D        | HP: 3/126 [something] (5)]
  3767 | D        | Bought 3 potions of heal wounds for 105 gold pieces
  3767 | D        | Bought 3 potions of heal wounds for 105 gold pieces
  3781 | D        | Engulfed by an ophan's blessed fire

Levels and vault maps discovered:
D:        arena_sprint

Skill      XL: |  1  2  3  4  5  6  7  8  9 10 11 12 13 14 15 16 17 |
---------------+----------------------------------------------------+-----
Fighting       | 5 6 8 9 10 12 14 17 18 19 21 | 21.2
Long Blades    | 6 7 9 10 11 12 14 16 19 21 22 24 | 24.1
Armour         | 5 7 8 9 10 12 14 17 18 19 21 | 21.2
Shields        | 5 6 8 9 10 12 14 17 18 19 21 | 21.2
Invocations    | 7 14 | 14.5

Action                   |  1- 3 |  4- 6 |  7- 9 | 10-12 | 13-15 | 16-18 || total
-------------------------+-------+-------+-------+-------+-------+-------++-------
Melee: Long sword        |     3 |    49 |    34 |    54 |       |       ||   140
       Demon blade       |       |       |       |    92 |   215 |   113 ||   420
       Unarmed           |       |       |       |       |     1 |       ||     1
Invok: Lesser Servant of |       |       |       |       |       |     3 ||     3
       Greater Servant o |       |       |       |       |       |     4 ||     4
       Major Destruction |       |       |       |       |       |     1 ||     1
 Abil: Fly               |       |       |       |       |       |     1 ||     1
Evoke: Wand              |     1 |     4 |       |       |     5 |       ||    10
       Lamp of fire      |       |       |       |       |     1 |       ||     1
  Use: Potion            |     1 |     2 |     4 |     5 |    14 |    20 ||    46
       Scroll            |       |       |       |     1 |    20 |     8 ||    29
 Stab: Petrified         |       |       |       |       |     3 |       ||     3
  Eat: Chunk             |       |       |       |     6 |     1 |     1 ||     8
       Ration            |       |       |       |       |     1 |       ||     1
Armor: Scale mail        |     1 |    39 |     6 |    23 |    35 |       ||   104
       Leather armour    |       |       |       |       |    16 |    47 ||    63
       Animal skin       |       |       |       |       |     5 |     3 ||     8
Dodge: Dodged            |     3 |    25 |     7 |    22 |    22 |    12 ||    91
Block: Shield            |       |    40 |    17 |    51 |    55 |       ||   163
       Large shield      |       |       |       |       |    18 |   151 ||   169
       Rpst.: Long sword |       |     8 |     1 |     1 |       |       ||    10
       Demon blade       |       |       |       |     4 |     3 |     1 ||     8

Table legend:
 A = Non-vault XP
 B = Vault XP
 C = Vault XP percentage of total XP
 D = Non-vault monster count
 E = Vault monster count
 F = Vault count percentage of total count
                 A         B        C        D         E       F
            +---------+---------+-------+---------+---------+-------
      Total |  132295 |       0 |   0.0 |     167 |       0 |   0.0
            +---------+---------+-------+---------+---------+-------
          D |  132295 |       0 |   0.0 |     167 |       0 |   0.0
            +---------+---------+-------+---------+---------+-------
